 Dungeon Crawl Stone Soup version 0.22-a0-359-g5e80d7e (webtiles) character file.

33 operationiv the Skirmisher (level 3, 0/33 HPs)
             Began as a Minotaur Berserker on Apr 18, 2018.
             Was a Believer of Trog.
             Succumbed to a kobold's poison
             ... on level 1 of the Dungeon.
             The game lasted 00:00:52 (190 turns).

operationiv the Skirmisher (Minotaur Berserker)      Turns: 190, Time: 00:00:52

Health: 0/33       AC:  2    Str: 22    XL:     3   Next: 12%
Magic:  2/2        EV: 18    Int:  4    God:    Trog [**....]
Gold:   17         SH:  0    Dex: 14    Spells: 2/2 levels left

rFire    . . .     SeeInvis .   a - +0 hand axe
rCold    . . .     Gourm    .   (no shield)
rNeg     . . .     Faith    .   b - +0 animal skin
rPois    .         Spirit   .   (helmet restricted)
rElec    .         Reflect  .   (no cloak)
rCorr    .         Harm     .   (no gloves)
MR       .....                  (no boots)
Stlth    ++........             (no amulet)
HPRegen  0.11/turn              (no ring)
MPRegen  0.08/turn              (no ring)

@: agile, lethally poisoned (0 -> -10)
A: retaliatory headbutt, horns 2
a: Berserk, Trog's Hand, Renounce Religion


You were on level 1 of the Dungeon.
You worshipped Trog.
Trog was pleased with you.
You were not hungry.

You visited 1 branch of the dungeon, and saw 1 of its levels.

You collected 17 gold pieces.

Inventory:

Hand Weapons
 a - a +0 hand axe (weapon)
Missiles
 h - a stone (quivered)
Armour
 b - a +0 animal skin (worn)
Scrolls
 d - 3 scrolls of fear {unknown}
 e - 2 scrolls of identify {unknown}
Comestibles
 c - a ration {@e1}
 f - 16 chunks of flesh {@w0}


   Skills:
 + Level 4.0 Fighting
 + Level 4.0 Axes
 + Level 3.1 Armour
 + Level 2.7 Dodging


You had 2 spell levels left.
You didn't know any spells.

Dungeon Overview and Level Annotations

Branches:
Dungeon (1/15)

Altars:


Innate Abilities, Weirdness & Mutations

You reflexively headbutt those who attack you in melee.
You have a pair of horns on your head.


Message History

You are too injured to fight recklessly!
You are too injured to fight recklessly!
You barely miss the giant cockroach.
The giant cockroach bites you but does no damage.
The giant cockroach misses you.
You hit the giant cockroach.
The giant cockroach bites you but does no damage.
You slash the giant cockroach!
You kill the giant cockroach!
Trog accepts your kill.
You have reached level 3!
Your experience leads to an increase in your attributes!
Increase (S)trength, (I)ntelligence, or (D)exterity?
You feel stronger.
You regained 3 hp, and now have 20/33 hp.
MP restored: 2 You butcher the frilled lizard corpse.
f - 8 chunks of flesh {@w0} (gained 1)
You butcher the giant cockroach corpse.
f - 10 chunks of flesh {@w0} (gained 2)
You butcher the rat corpse.
f - 11 chunks of flesh {@w0} (gained 1)
You see here a club. x2
You butcher the goblin corpse.
f - 13 chunks of flesh {@w0} (gained 2)
You see here a dagger. x2
f - 16 chunks of flesh {@w0} (gained 3)
e - 2 scrolls labeled UQOAPH NIAS (gained 1)
A kobold comes into view. It is wielding a dagger of venom.
The kobold shouts!
You hear a shout!
The kobold throws a stone.
The stone closely misses you.
You see here a stone.
The kobold throws a stone.
The stone hits you.
You see here a stone.
A kobold is nearby!
A kobold comes into view. It is wielding a hand axe.
A hobgoblin comes into view. It is wielding a club.
The hobgoblin shouts!
There are monsters nearby!
You regained 3 hp, and now have 23/33 hp.
You hit the hobgoblin. The hobgoblin closely misses you.
There are monsters nearby!
You closely miss the hobgoblin. You completely miss the kobold.
The kobold hits you with a dagger of venom.
You are poisoned.
The hobgoblin hits you with a club. The kobold closely misses you.
You take 6 damage, and have 17/33 hp.
You closely miss the kobold. You hit the hobgoblin.
You kill the hobgoblin!
Trog accepts your kill.
You feel sick. The kobold hits you but does no damage.
You are more poisoned.
You take 1 damage, and have 16/33 hp.
You feel sick. The kobold closely misses you. The kobold misses you.
You take 1 damage, and have 15/33 hp.
You miss the kobold. You hit the kobold.
You kill the kobold!
Trog accepts your kill.
You feel sick. The kobold hits you but does no damage.
You are lethally poisoned!
You take 2 damage, and have 13/33 hp.
You hit the kobold.
You kill the kobold!
Trog accepts your kill.
You feel sick.
You take 2 damage, and have 11/33 hp.
You feel sick.
You see here a dagger of venom.
There isn't anything to butcher here.
* * * LOW HITPOINT WARNING * * *
You feel sick.
You take 2 damage, and have 9/33 hp.
* * * LOW HITPOINT WARNING * * *
You feel sick.
You take 1 damage, and have 8/33 hp.
* * * LOW HITPOINT WARNING * * *
You feel sick.
You take 2 damage, and have 6/33 hp.
* * * LOW HITPOINT WARNING * * *
You feel sick.
You see here a stone.
You take 1 damage, and have 5/33 hp.
h - a stone
* * * LOW HITPOINT WARNING * * *
You feel sick.
You take 1 damage, and have 4/33 hp.
There is a lethal amount of poison in your body!
There is a lethal amount of poison in your body!
Unknown command.
Okay, then.
It was a potion of agility.
You feel agile all of a sudden.
* * * LOW HITPOINT WARNING * * *
You feel sick.
You take 1 damage, and have 3/33 hp.
There is a lethal amount of poison in your body!
* * * LOW HITPOINT WARNING * * *
You feel sick.
You take 2 damage, and have 1/33 hp.
You die...

..#....###..............
##.##....######..#.##))..
#.##....## #..##)#.....
#.###..#.# #..##....###
#### ##.#...# #.##..#..#
#....#>####<####........#
#....########.[..........
#..........(..............
#.........@................
$.......................
.......).#######(.#.....
#........)........#.....
#.......).#######.......
#.........# ##....
#.........# .. #..........
##..........


There were no monsters in sight!

Vanquished Creatures
  A leopard gecko (D:1)
  A ball python (D:1)
  2 giant cockroaches (D:1)
  5 hobgoblins (D:1)
  4 jackals (D:1)
  4 bats (D:1)
  2 frilled lizards (D:1)
  3 goblins (D:1)
  3 kobolds (D:1)
  4 rats (D:1)
29 creatures vanquished.

Notes
Turn   | Place    | Note
-------+----------+-------------------------------------------
     0 | D:1      | operationiv the Minotaur Berserker began the quest for the Orb.
     0 | D:1      | Reached XP level 1. HP: 19/19 MP: 0/0
    34 | D:1      | Reached XP level 2. HP: 18/27 MP: 1/1
   105 | D:1      | Reached ** piety under Trog
   105 | D:1      | Reached skill level 4 in Fighting
   110 | D:1      | Reached skill level 4 in Axes
   113 | D:1      | Reached skill level 3 in Armour
   145 | D:1      | Reached XP level 3. HP: 20/33 MP: 2/2
   184 | D:1      | HP: 8/33 [poisoned by a kobold]
   188 | D:1      | HP: 3/33 [poisoned by a kobold]
   189 | D:1      | HP: 1/33 [poisoned by a kobold]
   190 | D:1      | Succumbed to a kobold's poison

Vault maps used:
D:1:      minmay_arrival_jagged

Skill      XL: |  1  2 |
---------------+-------+-----
Fighting       | 4 |  4.0
Axes           | 4 |  4.0
Armour         | 3 |  3.1
Dodging        | |  2.7

Action                   || total
-------------------------++-------
Melee: Hand axe          ||    47
       Headbutt          ||     7
  Use: Potion            ||     1
Armor: Animal skin       ||    15
Dodge: Dodged            ||    34

Table legend:
 A = Spawn XP
 B = Non-spawn XP
 C = Spawn XP percentage of total XP
 D = Spawn monster count
 E = Non-spawn monster count
 F = Spawn count percentage of total count
 G = Total turns spent on level
                    A         B        C        D         E        F      G
               +---------+---------+-------+---------+---------+-------+---------
         Total |       0 |      48 |   0.0 |       0 |      29 |   0.0 |   190
               +---------+---------+-------+---------+---------+-------+---------
           D:1 |       0 |      48 |   0.0 |       0 |      29 |   0.0 |   190
               +---------+---------+-------+---------+---------+-------+---------

Vault maps used:
D:1:      minmay_arrival_jagged

Table legend:
 A = Turns spent in this place as a percentage of turns spent in the entire game.
 B = Non-inter-level travel turns spent in this place as a percentage of non-inter-level travel turns spent in the entire game.
 C = Inter-level travel turns spent in this place as a percentage of turns spent in this place.
 D = Turns resting spent in this place as a percentage of non-inter-level travel turns spent in this place.
 E = Turns spent auto-exploring this place as a percentage of non-inter-level travel turns spent in this place.
 F = Non-inter-level travel turns spent in this place divided by the number of levels of this place that you've seen.
                   A       B       C       D       E      F
               +-------+-------+-------+-------+-------+----------------------
         Total | 100.0 | 100.0 |   0.0 |   4.7 |  36.8 | 190.0
       Dungeon | 100.0 | 100.0 |   0.0 |   4.7 |  36.8 | 190.0
               +-------+-------+-------+-------+-------+----------------------

Table legend:
 A = Kills in this place as a percentage of kills in entire the game.
 B = Kills by you in this place as a percentage of kills by you in the entire game.
 C = Kills by friends in this place as a percentage of kills by friends in the entire game.
 D = Other kills in this place as a percentage of other kills in the entire game.
 E = Experience gained in this place as a percentage of experience gained in the entire game.
 F = Experience gained in this place divided by the number of levels of this place that you have seen.
                   A       B       C       D       E      F
               +-------+-------+-------+-------+-------+----------------------
         Total | 100.0 | 100.0 |   N/A |   N/A | 100.0 |  48.0
       Dungeon | 100.0 | 100.0 |   N/A |   N/A | 100.0 |  48.0
               +-------+-------+-------+-------+-------+----------------------
